 Dungeon Crawl Stone Soup version 0.31.0 (webtiles) character file.

Game seed: 7652952799581417170

150 qw the Shooter (level 5, -1/32 HPs)
             Began as a Gargoyle Hunter on Jan 19, 2024.
             Slain by an orc
             ... wielding a +0 club
              (2 damage)
             ... on level 3 of the Dungeon.
             The game lasted 00:00:07 (1670 turns).

qw the Shooter (Gargoyle Hunter)                    Turns: 1670, Time: 00:00:07

Health: -1/32      AC:  9    Str: 15    XL:     5   Next: 32%
Magic:  5/5        EV: 11    Int:  9    God:
Gold:   127        SH:  0    Dex: 15    Spells: 4/4 levels left

rFire   . . .        a - +1 shortbow
rCold   . . .        (shield currently unavailable)
rNeg    + + .        d - +0 ring mail
rPois   inf          (no helmet)
rElec   +            (no cloak)
rCorr   .            (no gloves)
SInv    .            (no boots)
Will    .....        (no amulet)
Stlth   +            e - ring of positive energy
HPRegen 0.25/turn    (no ring)
MPRegen 0.09/turn

%: no passive effects
@: no status effects
A: sickness immunity, AC +4, negative energy resistance 1, electricity
resistance, torment resistance 1, petrification resistance
a: no special abilities


You were on level 3 of the Dungeon.
You visited 1 branch of the dungeon, and saw 3 of its levels.

You collected 153 gold pieces.
You spent 26 gold pieces at shops.


Innate Abilities, Weirdness & Mutations

You are immune to sickness and miasma.
Your stone body is resilient. (AC +4)
You are immune to poison.
You resist negative energy. (rN+)
You are resistant to electric shocks. (rElec)
You are resistant to unholy torment.
You are immune to petrification.


   Skills:
 - Level 3.0 Fighting
 + Level 5.9 Ranged Weapons
 - Level 1.5 Armour
 - Level 1.5 Dodging
 - Level 1.1 Stealth


You had 4 spell levels left.
You didn't know any spells.
Your spell library was empty.

Inventory:

Hand Weapons
 a - a +1 shortbow (weapon)
Armour
 d - a +0 ring mail (worn)
Jewellery
 e - a ring of positive energy (left hand)
Potions
 g - 2 potions of haste
 h - a potion of degeneration {unknown}
 i - a potion of curing {unknown}

Dungeon Overview and Level Annotations

Branches:
Dungeon (3/15)

Altars:

Shops:
D:1 *=(?


Message History

The orc shouts!
The arrow hits the orc priest but does no damage.
The orc priest is almost dead.
The orc hits you but does no damage.
The orc priest invokes the aid of Beogh against you.
Beogh smites you!
Ouch! That really hurt!
The orc closely misses you.
You shoot an arrow. The arrow hits the orc priest!
You kill the orc priest!
The orc hits you but does no damage. The orc misses you.
Your Armour skill increases to level 1!
You shoot an arrow. The arrow closely misses the orc.
The arrow barely misses the orc.
The orc closely misses you. The orc barely misses you.
You shoot an arrow. The arrow completely misses the orc.
The arrow hits the orc.
The orc is heavily wounded.
The orc hits you with a +0 whip. The orc hits you but does no damage.
You shoot an arrow. The arrow closely misses the orc.
The orc misses you. The orc hits you but does no damage. x2
The orc closely misses you. x2; The orc barely misses you.
You shoot an arrow. The arrow barely misses the orc.
The orc hits you but does no damage. The orc barely misses you.
You shoot an arrow.
The arrow hits the orc but does no damage.
The orc is heavily wounded.
The orc hits you but does no damage. The orc hits you with a +0 club.
The orc hits you but does no damage. x2
You shoot an arrow. The arrow hits the orc.
The orc is severely wounded.
The orc hits you but does no damage. x3; The orc hits you with a +0 club.
You shoot an arrow. The arrow hits the orc.
You kill the orc!
The orc hits you but does no damage. The orc closely misses you.
The orc barely misses you. The orc misses you. The orc hits you with a +0 whip.
The orc hits you but does no damage.
You shoot an arrow. The arrow hits the orc.
The orc is heavily wounded.
The orc closely misses you. The orc hits you with a +0 club.
You die...

.............#
.............
.....)......
...........####
...............
...............
.......o)......
.......@o%.....
.......o#.....#
.....#### ###..
.... ... .. .


You could see 3 orcs.

Vanquished Creatures
  A jelly (D:2)
  An orc priest (D:3)
  A gnoll (D:1)
  An adder (D:2)
  2 ribbon worms (D:2)
  An orc (D:3)
  4 endoplasms
  2 giant cockroaches
  3 goblins (D:1)
  9 hobgoblins
  3 jackals (D:1)
  3 quokkas
  8 ball pythons
  5 bats
  5 frilled lizards
  7 kobolds
  4 rats
60 creatures vanquished.

Notes
Turn   | Place    | Note
-------+----------+-------------------------------------------
     0 | D:1      | qw the Gargoyle Hunter began the quest for the Orb.
     0 | D:1      | Reached XP level 1. HP: 12/12 MP: 1/1
     0 | D:1      | 0 ||| qw: Version: 0.3-a-132-g3d54051
     0 | D:1      | 0 ||| qw: Game counter: 6
     0 | D:1      | 0 ||| qw: Melee chars always use a shield: true
     0 | D:1      | 0 ||| qw: God list: Okawaru
     0 | D:1      | 0 ||| qw: Allow faded altars: false
     0 | D:1      | 0 ||| qw: Do Orc after clearing Dungeon:15 true
     0 | D:1      | 0 ||| qw: Do second Lair branch before Depths: true
     0 | D:1      | 0 ||| qw: Lair rune preference: random
     0 | D:1      | 0 ||| qw: Goals: Normal
     0 | D:1      | 0 ||| PLANNING D:1-11
   119 | D:1      | Reached XP level 2. HP: 17/17 MP: 2/2
   187 | D:1      | Found Elekiw's Jewellery Emporium.
   196 | D:1      | 196 ||| SHOPLISTING ring of fire (275 gold, have 26).
   196 | D:1      | 196 ||| SHOPLISTING ring of willpower (275 gold, have 26).
   206 | D:1      | Found Ymirch's Weapon Shoppe.
   237 | D:1      | Found Icoehirch's Magic Scroll Boutique.
   253 | D:1      | 253 ||| SHOPLISTING scroll of teleportation (39 gold, have
                  | 38).
   271 | D:1      | Reached XP level 3. HP: 18/21 MP: 3/3
   318 | D:1      | Reached skill level 5 in Ranged Weapons
   352 | D:1      | Found Tocov's Assorted Antiques.
   370 | D:1      | 370 ||| SHOPLISTING brightly glowing longbow (333 gold,
                  | have 38).
   370 | D:1      | 370 ||| BUYING fizzy dark potion (26 gold).
   370 | D:1      | Bought a fizzy dark potion for 26 gold pieces
   370 | D:1      | 370 ||| SHOPLISTING scroll labelled CYGEETA INKEQO (29
                  | gold, have 12).
   370 | D:1      | 370 ||| SHOPLISTING scroll labelled MIEWAE KUSM (29 gold,
                  | have 12).
   370 | D:1      | 370 ||| SHOPLISTING scroll labelled SISTIUSCHUCSO (29 gold,
                  | have 12).
   605 | D:1      | Reached skill level 3 in Fighting
   643 | D:1      | Found a faded altar of an unknown god.
   662 | D:1      | 662 ||| READING scroll labelled QUITUX PODIJUT.
   663 | D:1      | 663 ||| READING scroll labelled EVOTEIP UDIOKH.
   764 | D:1      | 764 ||| READING 2 scrolls labelled CYGEETA INKEQO.
   764 | D:1      | 764 ||| IDENTIFYING orange potion
   765 | D:1      | 765 ||| READING scroll of identify.
   765 | D:1      | 765 ||| IDENTIFYING 2 fizzy dark potions
   766 | D:1      | 766 ||| READING scroll labelled MIEWAE KUSM.
   766 | D:1      | 766 ||| ENCHANTING +0 shortbow.
   767 | D:1      | 767 ||| DRINKING 2 puce potions.
   768 | D:1      | 768 ||| DROPPING scroll of butterflies.
   769 | D:1      | 769 ||| DROPPING 2 potions of brilliance.
   770 | D:1      | 770 ||| DROPPING potion of magic.
   809 | D:2      | Reached XP level 4. HP: 28/28 MP: 4/4
  1080 | D:2      | 1080 ||| FLEEEEING.
  1215 | D:2      | Reached XP level 5. HP: 32/32 MP: 5/5
  1487 | D:2      | 1487 ||| UPGRADING to +0 ring mail.
  1497 | D:2      | 1497 ||| DROPPING +0 leather armour.
  1498 | D:2      | 1498 ||| UPGRADING to ring of positive energy.
  1499 | D:2      | 1499 ||| READING scroll labelled AGETOA EDWYZO.
  1500 | D:2      | 1500 ||| READING scroll labelled XOIBLO DASIEDD.
  1501 | D:2      | 1501 ||| FLEEEEING.
  1503 | D:2      | 1503 ||| STAIRDANCE
  1661 | D:3      | HP: 6/32 [orc priest/divine providence (17)]
  1663 | D:3      | Reached skill level 1 in Armour
  1667 | D:3      | HP: 3/32 [orc/+0 club (3)]
  1669 | D:3      | HP: 1/32 [orc/+0 whip (1)]
  1670 | D:3      | Slain by an orc

Levels and vault maps discovered:
D:1:      dpeg_arrival_water_fire, layout_rooms, serial_shops,
          nicolae_shop_gibbet_a_chance, shop, nicolae_shop_stone,
          nicolae_diamond_shop, dilly_ecumenical_altar_fadedgnrine
D:2:      layout_basic
D:3:      layout_basic, mainiacjoe_overflow_chevrons, nicolae_half_adder

Skill      XL: |  1  2  3  4  5 |
---------------+----------------+-----
Ranged Weapons | 5 |  5.9
Fighting       | 3 |  3.0
Armour         | 1 |  1.5
Dodging        | |  1.5
Stealth        | |  1.1

Action                     |  1- 3 |  4- 6 || total
---------------------------+-------+-------++-------
   Fire: Shortbow          |   104 |    80 ||   184
    Use: Scroll            |     5 |     2 ||     7
         Potion            |     1 |       ||     1
 Armour: Leather armour    |    21 |     8 ||    29
         Ring mail         |       |    22 ||    22
  Dodge: Dodged            |    31 |    25 ||    56

Table legend:
 A = Non-vault XP
 B = Vault XP
 C = Vault XP percentage of total XP
 D = Non-vault monster count
 E = Vault monster count
 F = Vault count percentage of total count
                 A         B        C        D         E       F
            +---------+---------+-------+---------+---------+-------
      Total |     215 |       0 |   0.0 |      60 |       0 |   0.0
            +---------+---------+-------+---------+---------+-------
        D:1 |      72 |       0 |   0.0 |      36 |       0 |   0.0
        D:2 |      97 |       0 |   0.0 |      21 |       0 |   0.0
        D:3 |      46 |       0 |   0.0 |       3 |       0 |   0.0
            +---------+---------+-------+---------+---------+-------
